 Dungeon Crawl Stone Soup version 0.29.1-15-g9cfb28693d (webtiles) character file.

Game seed: 10063880718984632519

71447 booth the Cleaver (level 14, -12/107 (111) HPs)
             Began as a Demonspawn Gladiator on Apr 18, 2023.
             Was the Champion of Cheibriados.
             Killed from afar by an ancient lich (28 damage)
             ... with a bolt of acid
             ... on level 2 of the Abyss on Apr 21, 2023.
             The game lasted 02:35:00 (21237 turns).

booth the Cleaver (Demonspawn Gladiator)           Turns: 21237, Time: 02:35:01

HP:   -12/107 (111) AC: 29    Str: 40    XL:     14   Next: 97%
MP:   23/23         EV: 25    Int: 24    God:    Cheibriados [******]
Gold: 2595          SH:  4    Dex: 31    Spells: 13/13 levels left

rFire   . . .      SeeInvis +   a - +1 war axe (flame)
rCold   . . .      Faith    .   (no shield)
rNeg    . . .      Spirit   .   J - +4 scale mail {Will+}
rPois   .          Reflect  .   (helmet restricted)
rElec   .          Harm     .   M - +2 cloak {rCorr}
rCorr   +          Rampage  .   F - +2 pair of gloves
Will    ++...                   G - +1 pair of boots "Isuinom" {rCorr Str+6 SInv}
Stlth   +.........              (no amulet)
HPRegen 0.00/turn               g - +4 ring of evasion
MPRegen 0.18/turn               x - +4 ring of protection

@: sick, lightly drained, very slow
A: hooves 1, horns 2, icemail 1, powered by death 3, condensation shield,
demonic touch 2, [subdued magic 2]
a: Renounce Religion, Bend Time, Temporal Distortion, Slouch, Step From Time


You were on level 2 of the Abyss.
You worshipped Cheibriados.
Cheibriados was exalted by your worship.
You visited 2 branches of the dungeon, and saw 20 of its levels.
You visited the Abyss 1 time.
You also visited: Sewer.

You collected 2595 gold pieces.

Inventory:

Hand Weapons
 a - a +1 war axe of flaming (weapon)
 l - a +2 flail of draining
 z - a +2 vorpal dire flail
 X - a +2 vorpal executioner's axe
Missiles
 d - 5 throwing nets
 e - 13 javelins
 j - 15 boomerangs (quivered)
 o - 10 curare-tipped darts
 D - 47 poisoned darts
Armour
 n - a +2 chain mail of willpower
 t - +0 steam dragon scales
 F - a +2 pair of gloves (worn)
 G - the +1 pair of boots "Isuinom" (worn) {rCorr Str+6 SInv}
   (You found it on level 8 of the Dungeon)

   Str:       It affects your strength (+6).
   SInv:      It lets you see invisible.
   rCorr:     It protects you from acid and corrosion.
 J - a +4 scale mail of willpower (worn)
 M - a +2 cloak of preservation (worn)
Jewellery
 b - the ring "Mypse" {rCorr AC+4}
   (You found it on level 10 of the Dungeon)

   [ring of protection]

   AC:        It affects your AC (+4).
   rCorr:     It protects you from acid and corrosion.
 g - a +4 ring of evasion (left hand)
 p - a ring of protection from fire
 r - a ring of flight
 x - a +4 ring of protection (right hand)
 T - a ring of protection from cold
 W - a +6 ring of strength
Wands
 c - a wand of roots (44)
 i - a wand of quicksilver (22)
 L - a wand of polymorph (7)
 O - a wand of digging (6)
 Y - a wand of paralysis (4)
Scrolls
 q - 8 scrolls of amnesia
 s - 2 scrolls of poison
 u - a scroll of brand weapon
 y - 10 scrolls of identify
 C - 13 scrolls of teleportation
 H - a scroll of immolation
 I - a scroll of blinking
 K - 4 scrolls of butterflies
 S - 4 scrolls of silence
Potions
 f - 3 potions of invisibility
 h - 5 potions of attraction
 k - 4 potions of lignification
 m - 3 potions of brilliance
 v - a potion of might
 w - 9 potions of curing
 A - a potion of magic
 B - 3 potions of resistance
 Q - 3 potions of heal wounds
 R - 2 potions of berserk rage
 Z - 2 potions of flight
Miscellaneous
 P - a box of beasts (inert)
 U - a lightning rod (4/4)
 V - a tin of tremorstones (2/2)


   Skills:
 + Level 10.4 Fighting
 * Level 13.4(13.6) Axes
 - Level 3.6(9.4) Maces & Flails
 + Level 8.7 Throwing
 + Level 9.2 Armour
 + Level 9.8 Dodging
 + Level 12.9 Invocations
 + Level 6.7 Evocations


You had 13 spell levels left.
You didn't know any spells.
Your spell library contained the following spells:

 Spells                   Type           Power      Damage    Failure   Level
 Apportation              Tloc           0%         N/A       17%         1
 Freeze                   Ice            0%         1d3       17%         1
 Necrotise                Necr           0%         1d4       17%         1
 Sandblast                Erth           0%         2d4       17%         1
 Slow                     Hex            0%         N/A       17%         1
 Summon Small Mammal      Summ           0%         N/A       17%         1
 Blink                    Tloc           0%         N/A       26%         2
 Ensorcelled Hibernation  Hex/Ice        0%         N/A       26%         2
 Passwall                 Tmut/Erth      0%         N/A       26%         2
 Scorch                   Fire           0%         2d5       26%         2
 Confusing Touch          Hex            0%         N/A       47%         3
 Dazzling Flash           Conj/Hex       0%         N/A       47%         3
 Frozen Ramparts          Ice            0%         1d1       47%         3
 Inner Flame              Hex/Fire       0%         N/A       47%         3
 Lesser Beckoning         Tloc           0%         N/A       47%         3
 Ozocubu's Armour         Ice            0%         N/A       47%         3
 Spider Form              Tmut/Pois      0%         N/A       47%         3
 Stone Arrow              Conj/Erth      0%         3d7       47%         3
 Swiftness                Air            0%         N/A       47%         3
 Vampiric Draining        Necr           0%         2d6       47%         3
 Anguish                  Hex/Necr       0%         N/A       89%         4
 Cause Fear               Hex            0%         N/A       89%         4
 Flame Wave               Conj/Fire      0%         2d4       89%         4
 Hailstorm                Conj/Ice       0%         3d3       89%         4
 Agony                    Necr           0%         N/A       99%         5
 Blade Hands              Tmut           0%         N/A       99%         5
 Irradiate                Conj/Tmut      0%         3d11      99%         5
 Manifold Assault         Tloc           0%         N/A       99%         5
 Silence                  Hex/Air        0%         N/A       99%         5
 Summon Cactus Giant      Summ           0%         N/A       100%        6
 Dragon Form              Tmut           0%         N/A       100%        7
 Ozocubu's Refrigeration  Ice            0%         4d7       100%        7
 Discord                  Hex            0%         N/A       100%        8


Dungeon Overview and Level Annotations

Branches:
Dungeon (15/15)            Temple (0/1) D:4            Lair (5/5) D:9
  Swamp (0/4) Lair:2        Snake (0/4) Lair:3          Orc (0/2) D:11
 Vaults (0/5) D:13          Sewer (visited)
  Slime: Lair:4-5    Depths: D:15

Altars:
Cheibriados
Dithmenos
Qazlal
Trog
Xom
Jiyva
Lugonu

Shops:
D:3 (

Portals:
Abyss: Lair:5

Annotations:
D:13 1 runed translucent door, Sharkman1231's ghost, journeyman DsIE
Lair:2 2 transporters, exclusions: ice statue and oklob plant, turdburglar's ghost, journeyman DsGl
Lair:4 exclusion: 2 oklob plants


Innate Abilities, Weirdness & Mutations

You have large cloven feet.
You have a pair of horns on your head.
A meltable icy envelope protects you from harm. (AC +4)
You regenerate a lot of health from kills.
A meltable shield of frost defends you. (SH +4)
Your touch may inflict irresistible damage on your foes.
[Your spells are easier to cast, but less powerful.]


Message History

You are no longer corroded.
The ancient lich completely misses you. The ancient zyme closely misses you. x2
You feel ill.
You hit the ancient lich. Your headbutt misses the ancient lich.
Your touch misses the ancient lich.
The ancient lich is almost destroyed.
You slash the ancient zyme! You burn the ancient zyme.
The ancient lich completely misses you. The ancient lich barely misses you.
You closely miss the ancient lich.
The ancient lich is almost destroyed.
You hit the ancient zyme. You burn the ancient zyme.
You feel ill. The ancient zyme barely misses you.
The ancient zyme completely misses you.
The ancient lich touches you but does no damage.
You hit the ancient lich but do no damage.
You headbutt the ancient lich.
The ancient lich is almost destroyed.
You hit the ancient zyme. You burn the ancient zyme.
You feel ill. The ancient zyme misses you.
The ancient zyme completely misses you. The ancient lich completely misses you.
You hit the ancient lich. Your headbutt misses the ancient lich.
The ancient lich is almost destroyed.
You hit the ancient zyme but do no damage.
The ancient lich touches you.
* * * LOW HITPOINT WARNING * * *
You feel drained.
The ancient zyme misses you. x2; You feel ill.
You barely miss the ancient lich. You headbutt the ancient lich.
You touch the ancient lich!
The ancient lich is almost destroyed.
You hit the ancient zyme but do no damage.
You block the ancient lich's attack. The ancient zyme barely misses you.
You block the ancient zyme's attack.
You feel ill.
You completely miss the ancient lich.
The ancient lich is almost destroyed.
You hit the ancient zyme. You burn the ancient zyme.
The ancient lich casts a spell at you. The bolt of acid hits you! You resist.
* * * LOW HITPOINT WARNING * * *
The ancient lich gestures at you while chanting.
The bolt of acid hits you!! You resist.
You die...

......##..
.........
......#.#
........###
........## #
#.÷P....#
#..#.#8....#
#..'.xL@...## .
####..##x###..#
...........# #
# ...... ...#.
.# . .÷P ..
.#.. # #..#8.##
### ##...... #.
# #.#. # #... #
.......#.# '.#
#


You could see an ancient lich (fast, invisible) and 2 ancient zymes.

Vanquished Creatures
  A tentacled starspawn (Abyss:2)
  A dire elephant (shapeshifter) (Lair:5)
  2 vault guards (D:13)
  6 hydras
  3 boulder beetles (D:14)
  A catoblepas (Lair:5)
  2 centaur warriors (D:14)
  An ogre mage (D:15)
  9 two-headed ogres
  5 death yaks (Lair:3)
  Urug (Lair:1)
  A tengu warrior (D:14)
  2 thrashing horrors (Lair:5)
  Sonja (D:10)
  A wretched star (Abyss:2)
  5 skeletal warriors (D:14)
  A necromancer (D:13)
  3 wizards (D:13)
  2 lindwurms
  2 ugly things
  A deep elf zephyrmancer (D:15)
  2 deep elf pyromancers
  A salamander (shapeshifter) (Lair:5)
  2 cyclopes
  Maurice (D:11)
  A centaur zombie (D:15)
  A torpor snail (Lair:2)
  2 smoke demons (Lair:5)
  3 black mambas
  A naga mage (D:15)
  7 cane toads
  A kobold demonologist (D:8)
  7 komodo dragons
  A rime drake (Lair:3)
  3 tengu conjurers
  A demonic crawler (Abyss:2)
  2 trolls (D:11)
  An ancient zyme (Lair:5)
  A meliai (shapeshifter) (Lair:5)
  2 tyrant leeches (Lair:2)
  2 polar bears
  22 blink frogs
  A raiju (shapeshifter) (Lair:5)
  3 dream sheep (Lair:3)
  2 hornets
  7 large abominations
  A wraith (D:9)
  2 wyverns
  A shadow (D:13)
  36 yaks
  A vampire (D:9)
  A ynoxinul (Lair:5)
  9 basilisks
  A chaos spawn (Lair:5)
  19 humans (D:13)
  16 vampire mosquitoes
  2 steam dragons
  A swamp worm (Lair:2)
  Menkaure (D:4)
  8 nagas (Lair:3)
  4 wargs (D:11)
  4 acid dragons
  8 water moccasins
  2 orc warriors (D:9)
  2 ice beasts (D:6)
  2 black bears
  15 wolves
  3 ogres
  8 centaurs
  A phantom (D:5)
  4 kobold brigands
  Blork the orc (D:6)
  12 bullfrogs
  3 necrophages
  10 small abominations
  4 scorpions
  13 wights
  6 killer bees (D:8)
  9 howler monkeys
  2 electric eels (D:7)
  2 jellies
  2 hounds
  6 orc priests
  A gnoll bouda (Lair:3)
  Terence (D:3)
  6 iguanas
  An orc wizard (D:11)
  5 hell rats (Lair:2)
  Robin (D:4)
  8 gnolls
  9 adders
  4 river rats
  2 white imps
  A worm (D:4)
  3 dart slugs
  26 orcs
  13 endoplasms
  10 giant cockroaches
  9 hobgoblins
  9 jackals (D:4)
  2 quokkas
  11 ball pythons
  4 bats
  9 frilled lizards
  15 goblins
  30 kobolds
  11 rats
  A butterfly (D:4)
  2 starspawn tentacles (Abyss:2)
544 creatures vanquished.

Vanquished Creatures (collateral kills)
  An ufetubus (Abyss:2)
1 creature vanquished.

Vanquished Creatures (others)
  24 fungi
  26 plants
  2 starspawn tentacles (Abyss:2)
52 creatures vanquished.

Grand Total: 597 creatures vanquished

Notes
Turn   | Place    | Note
-------+----------+-------------------------------------------
     0 | D:1      | booth the Demonspawn Gladiator began the quest for the Orb.
     0 | D:1      | Reached XP level 1. HP: 16/16 MP: 1/1
   333 | D:1      | Discovered your monstrous ancestry.
   333 | D:1      | Gained mutation: You have large cloven feet. [demonic
                  | ancestry]
   333 | D:1      | Reached XP level 2. HP: 16/22 MP: 2/2
   488 | D:1      | Reached skill level 3 in Axes
   836 | D:1      | Found a faded altar of an unknown god.
   842 | D:1      | Prayed at the altar of an unknown god.
   842 | D:1      | Became a worshipper of Cheibriados the Contemplative
   842 | D:1      | Reached * piety under Cheibriados
  1318 | D:2      | Reached XP level 3. HP: 28/28 MP: 3/3
  1620 | D:2      | Identified the +7 dagger of Geilokol {drain, Str+3}
  2493 | D:3      | Gained mutation: You regenerate a little health from kills.
                  | [demonic ancestry]
  2493 | D:3      | Reached XP level 4. HP: 34/34 MP: 4/4
  2720 | D:3      | Found a glowing drain.
  2734 | Sewer    | Entered a sewer
  2754 | Sewer    | Reached ** piety under Cheibriados
  2778 | Sewer    | Reached skill level 1 in Invocations
  2847 | Sewer    | Reached skill level 1 in Armour
  2847 | Sewer    | Reached XP level 5. HP: 19/39 MP: 5/5
  2884 | Sewer    | Found a viscous altar of Jiyva.
  3047 | D:3      | Found Tecoh's Weapon Shoppe.
  3083 | D:3      | Reached *** piety under Cheibriados
  3703 | D:3      | Noticed Terence
  3717 | D:3      | Killed Terence
  3718 | D:3      | Reached skill level 4 in Axes
  3945 | D:4      | Gained mutation: A meltable shield of frost defends you.
                  | (SH +4) [demonic ancestry]
  3945 | D:4      | Reached XP level 6. HP: 46/47 MP: 7/7
  4006 | D:4      | Noticed a water moccasin
  4057 | D:4      | Killed a water moccasin
  4252 | D:4      | Reached **** piety under Cheibriados
  4313 | D:4      | Noticed Robin
  4340 | D:4      | Killed Robin
  4341 | D:4      | Gained mutation: You regenerate health from kills. [demonic
                  | ancestry]
  4341 | D:4      | Reached XP level 7. HP: 52/52 MP: 9/9
  4367 | D:4      | Found a staircase to the Ecumenical Temple.
  4649 | D:4      | Identified the +7 short sword "Lafuerch" {freeze, rPois rN+
                  | Int-2 SInv}
  4714 | D:4      | Noticed Menkaure
  4718 | D:4      | Killed Menkaure
  5176 | D:5      | Entered Level 5 of the Dungeon
  5193 | D:5      | Reached skill level 5 in Axes
  5320 | D:5      | Reached ***** piety under Cheibriados
  5327 | D:5      | Gained mutation: A meltable icy envelope protects you from
                  | harm. (AC +4) [demonic ancestry]
  5327 | D:5      | Reached XP level 8. HP: 48/60 MP: 9/11
  5965 | D:6      | Noticed Blork the orc
  6030 | D:6      | Killed Blork the orc
  6272 | D:6      | Reached skill level 6 in Axes
  6286 | D:6      | Reached skill level 5 in Invocations
  6476 | D:6      | Reached skill level 5 in Dodging
  6548 | D:6      | Gained mutation: You have a pair of small horns on your
                  | head. [demonic ancestry]
  6548 | D:6      | Reached XP level 9. HP: 67/67 MP: 11/13
  6552 | D:6      | Found a shimmering altar of Xom.
  6605 | D:6      | Reached skill level 5 in Fighting
  6613 | D:6      | Reached skill level 8 in Axes
  6613 | D:6      | Reached skill level 5 in Armour
  6613 | D:6      | Reached XP level 10. HP: 77/77 MP: 13/15
  6844 | D:6      | Found a bloodstained altar of Trog.
  7274 | D:7      | Found a stormy altar of Qazlal.
  7443 | D:7      | Found a shadowy altar of Dithmenos.
  7813 | D:8      | Reached skill level 9 in Axes
  7865 | D:8      | Identified the +1 pair of boots "Isuinom" {rCorr Str+6
                  | SInv}
  8183 | D:8      | Identified the +1 robe "Esonk" {Will+}
  9028 | D:9      | Reached skill level 5 in Throwing
  9037 | D:9      | You fall into a shaft and drop 2 floors!
  9065 | D:11     | Gained mutation: Your touch may inflict minor irresistible
                  | damage on your foes. [demonic ancestry]
  9065 | D:11     | Reached XP level 11. HP: 84/84 MP: 3/17
  9122 | D:11     | Found a staircase to the Orcish Mines.
  9166 | D:11     | Noticed Maurice
  9169 | D:11     | Killed Maurice
  9299 | D:10     | Entered Level 10 of the Dungeon
  9301 | D:10     | Identified the ring "Mypse" {rCorr AC+4}
  9304 | D:10     | Identified a scroll of acquirement
  9372 | D:10     | Noticed a two-headed ogre
  9381 | D:10     | Killed a two-headed ogre
  9721 | D:9      | Identified the +5 long sword of the Fool {venom, rC+ Int+4}
  9946 | D:9      | Found a staircase to the Lair.
  9987 | D:9      | Noticed a two-headed ogre
  9994 | D:9      | Killed a two-headed ogre
  9995 | D:9      | Reached skill level 10 in Axes
 10807 | D:10     | Noticed Sonja
 10810 | D:10     | Killed Sonja
 11174 | D:10     | Acquired 1146 gold pieces
 11258 | D:11     | Noticed a two-headed ogre
 11266 | D:11     | Killed a two-headed ogre
 11267 | D:11     | Reached skill level 1 in Evocations
 11290 | D:11     | Noticed a two-headed ogre
 11299 | D:11     | Killed a two-headed ogre
 11784 | Lair:1   | Entered Level 1 of the Lair of Beasts
 11814 | Lair:1   | Noticed a six-headed hydra
 11823 | Lair:1   | Killed a six-headed hydra
 11824 | Lair:1   | Gained mutation: You regenerate a lot of health from kills.
                  | [demonic ancestry]
 11824 | Lair:1   | Reached XP level 12. HP: 59/92 MP: 19/19
 11957 | Lair:1   | Reached skill level 10 in Invocations
 11985 | Lair:1   | Noticed Urug
 11999 | Lair:1   | Killed Urug
 13189 | Lair:2   | Reached skill level 11 in Axes
 13476 | Lair:2   | Reached ****** piety under Cheibriados
 13501 | Lair:2   | Found a transporter.
 13516 | Lair:2   | Noticed turdburglar's ghost (journeyman DsGl)
 13565 | Lair:2   | Found a transporter.
 13649 | Lair:2   | Noticed a six-headed hydra
 13649 | Lair:2   | Noticed a six-headed hydra
 13663 | Lair:2   | Killed a six-headed hydra
 13665 | Lair:2   | Killed a six-headed hydra
 13685 | Lair:2   | Found a staircase to the Swamp.
 13914 | Lair:3   | Noticed an eight-headed hydra
 14292 | Lair:3   | Noticed a four-headed hydra
 14300 | Lair:3   | Killed a four-headed hydra
 14331 | Lair:3   | Killed an eight-headed hydra
 14450 | Lair:3   | Noticed a death yak
 14455 | Lair:3   | Gained mutation: Your touch may inflict irresistible damage
                  | on your foes. [demonic ancestry]
 14455 | Lair:3   | Reached XP level 13. HP: 100/100 MP: 21/21
 14701 | Lair:3   | Found a staircase to the Snake Pit.
 15334 | Lair:4   | Found a viscous altar of Jiyva.
 15421 | Lair:4   | Reached skill level 12 in Axes
 16270 | Lair:5   | Entered Level 5 of the Lair of Beasts
 16514 | Lair:5   | Reached skill level 5 in Evocations
 16852 | Lair:5   | Noticed a dire elephant
 16863 | Lair:5   | Killed a dire elephant
 16992 | Lair:5   | Found a corrupted altar of Lugonu.
 16992 | Lair:5   | Found a one-way gate to the infinite horrors of the Abyss.
 17181 | Lair:5   | Gained mutation: You have a pair of horns on your head.
                  | [demonic ancestry]
 17181 | Lair:5   | Reached XP level 14. HP: 108/108 MP: 22/22
 18450 | D:12     | Acquired a +2 vorpal executioner's axe
 18923 | D:13     | Found a runed translucent door.
 18925 | D:13     | Noticed Sharkman1231's ghost (journeyman DsIE)
 19543 | D:13     | Found a gate to the Vaults.
 19567 | D:13     | Reached skill level 10 in Fighting
 19942 | D:14     | Reached skill level 13 in Axes
 20303 | D:14     | Identified the +1 ring mail "Sief" {Harm rCorr}
 20842 | D:15     | Entered Level 15 of the Dungeon
 20996 | Abyss:2  | Cast into level 2 of the Abyss (a wizard)
 21056 | Abyss:2  | Noticed a tentacled starspawn
 21065 | Abyss:2  | Killed a tentacled starspawn
 21210 | Abyss:2  | Noticed an ancient lich
 21237 | Abyss:2  | Killed from afar by an ancient lich

Illustrated notes

Levels and vault maps discovered:
D:1:      lightli_arrival_farm, layout_loops_corners,
          chequers_ecumenical_altar_simple
D:2:      layout_basic, roderic_lattice_a
D:3:      layout_loops_ring, portal_sewer_entry_d, serial_shops,
          nicolae_diamond_shop, chequers_serial_rivers_micro_c, uniq_terence
D:4:      layout_basic, minmay_temple_entry_butterflies, minmay_cut_off,
          uniq_robin, uniq_menkaure
D:5:      layout_cave_pools, minmay_liquid_box
D:6:      layout_basic, mainiacjoe_overflow_swirl, nrook_mini_backslash,
          uniq_blork_the_orc
D:7:      cheibrodos_helix_gallery, layout_basic, mainiacjoe_overflow_alcove_2,
          nicolae_qazlal_general_emergency
D:8:      layout_loops_corners, enter_bailey_5,
          amcnicky_mini_rare_corridor_liquid, minmay_misc_feat_ornament
D:9:      layout_roguey, grunt_lair_entry_orc_guard_hut
D:10:     layout_stronghold, uniq_sonja
D:11:     layout_loops_ring, minmay_orc_entry_guard_dogs, uniq_maurice
D:12:     layout_basic
D:13:     layout_irregular_city, grunt_vaults_entry_tiered,
          ebering_ghost_inner_flame, minmay_misc_feat_tower
D:14:     layout_loops_cross, chequers_serial_rivers_room_b
D:15:     grunt_enter_depths_magical_seal, layout_loops_ring,
          okawaru_gym_becter, nicolae_shop_firing_range
Lair:1:   layout_layer_cave, patterned_corridor, uniq_urug
Lair:2:   layout_chaotic_city, palyth_hydra_swamp_entry, nzn_ghost_randoct,
          kennysheep_abandoned_house
Lair:3:   beast_lair_carwin_large_2, layout_misc_corridors,
          minmay_snake_entry_guardpost_medium, dreamdust_gnoll_shepherd
Lair:4:   layout_roguey, minmay_slime_entry_oklob_enclosed, grunt_megastairs_5,
          serial_bayou_shore_b
Lair:5:   hellmonk_lair_end_abyssal_woods, layout_concentric_octagons,
          chequers_serial_rivers_micro_e
Abyss:2:  base: D:9, evilmike_abyss_exit_vortex, spicy_abyss_rude_harpoons,
          hangedman_abyss_feature_spike, hangedman_abyss_monster_moat

Skill      XL: |  1  2  3  4  5  6  7  8  9 10 11 12 13 14 |
---------------+-------------------------------------------+-----
Axes           | 3 4 5 6 8 9 10 11 12 13 | 13.4
Throwing       | 2 3 4 5 6 7 8 |  8.7
Dodging        | 3 4 5 6 7 8 9 |  9.8
Invocations    | 1 2 3 4 5 7 8 9 10 11 12 | 12.9
Armour         | 1 2 3 5 6 7 8 9 |  9.2
Fighting       | 3 4 6 7 8 9 10 | 10.4
Maces & Flails | 3 |  3.6
Evocations     | 1 3 5 6 |  6.7

Action                   |  1- 3 |  4- 6 |  7- 9 | 10-12 | 13-15 || total
-------------------------+-------+-------+-------+-------+-------++-------
Melee: War axe           |    61 |   149 |   154 |   404 |   556 ||  1324
       Kick              |    14 |    30 |    47 |    14 |       ||   105
       Punch             |       |     2 |       |     8 |    12 ||    22
       Headbutt          |       |       |     2 |   123 |   165 ||   290
       Touch             |       |       |       |    68 |   122 ||   190
       Flail             |       |       |       |    47 |     9 ||    56
Throw: Boomerang         |     6 |     1 |     1 |       |       ||     8
       Throwing net      |     3 |     1 |       |       |       ||     4
       Javelin           |     1 |     1 |       |       |       ||     2
       Dart              |       |       |     1 |       |       ||     1
Invok: Temporal Distorti |       |       |     3 |       |     2 ||     5
       Slouch            |       |       |       |     5 |     1 ||     6
       Step From Time    |       |       |       |     1 |       ||     1
       Bend Time         |       |       |       |     2 |       ||     2
Evoke: Box of beasts     |       |       |       |       |     1 ||     1
  Use: Scroll            |     5 |     4 |    13 |    15 |     5 ||    42
       Potion            |       |     1 |     2 |     1 |     1 ||     5
 Stab: Sleeping          |       |     3 |     3 |     1 |       ||     7
Armor: Leather armour    |    15 |    24 |    36 |       |       ||    75
       Scale mail        |       |       |       |   192 |   181 ||   373
       Steam dragon scal |       |       |       |    19 |       ||    19
Dodge: Dodged            |    35 |   194 |   185 |   636 |   573 ||  1623
Block: Other             |       |     9 |    47 |    98 |    76 ||   230
